 Dungeon Crawl Stone Soup version 0.31-a0-1338-gb567cfdca4 (webtiles) character file.

Game seed: 7828538321829837374

672 AgitatedPotato the Cudgeller (level 7, -16/63 HPs)
             Began as a Minotaur Berserker on Dec 22, 2023.
             Was a Priest of Trog.
             Demolished by a two-headed ogre
             ... wielding a +0 giant spiked club
              (35 damage)
             ... on level 7 of the Dungeon.
             The game lasted 00:24:40 (2796 turns).

AgitatedPotato the Cudgeller (Minotaur Berserker)   Turns: 2796, Time: 00:24:40

Health: -16/63     AC:  4    Str: 24    XL:     7   Next: 32%
Magic:  6/6        EV: 12    Int:  4    God:    Trog [***...]
Gold:   225        SH:  0    Dex:  9    Spells: 6/6 levels left

rFire   . . .        c - +1 trident (vamp)
rCold   . . .        (no shield)
rNeg    . . .        k - +0 leather armour
rPois   .            (helmet restricted)
rElec   .            (no cloak)
rCorr   .            m - +0 pair of gloves
SInv    .            (no boots)
Will    .....        (no amulet)
Stlth   +            (no ring)
HPRegen 0.30/turn    (no ring)
MPRegen 0.10/turn

%: no passive effects
@: on berserk cooldown, slowed, very slow
A: horns 2, retaliatory headbutt
a: Renounce Religion, Berserk, Trog's Hand


You were on level 7 of the Dungeon.
You worshipped Trog.
Trog was most pleased with you.
You visited 1 branch of the dungeon, and saw 7 of its levels.

You collected 225 gold pieces.

Inventory:

Hand Weapons
 a - a +0 mace
 c - a +1 vampiric trident (weapon)
 d - a +0 hand axe
 f - a +0 dagger
 j - a +0 dagger
 l - a +3 whip
Missiles
 e - 4 boomerangs
Armour
 b - a +0 animal skin
 k - a +0 leather armour (worn)
 m - a +0 pair of gloves (worn)
Talismans
 p - a blade talisman
Potions
 g - a potion of heal wounds {unknown}
 i - a potion of cancellation
 n - 2 potions of might
 o - a potion of magic {unknown}


   Skills:
 + Level 6.0 Fighting
 + Level 6.0 Maces & Flails
 + Level 5.3 Armour
 + Level 4.8 Dodging


You had 6 spell levels left.
You didn't know any spells.
Your spell library contained the following spells:

 Spells                   Type           Power      Damage    Failure   Level
 Sublimation of Blood     Necr           0%         N/A       67%         2
 Petrify                  Alch/Erth      0%         N/A       99%         4
 Irradiate                Conj/Alch      0%         3d11      100%        5


Dungeon Overview and Level Annotations

Branches:
Dungeon (7/15)             Temple (0/1) D:5

Altars:


Innate Abilities, Weirdness & Mutations

You have a pair of horns on your head.
You reflexively headbutt those who attack you in melee.


Message History

You are engulfed in a cloud of scalding steam.
The steam dragon bites you but does no damage.
The steam dragon closely misses you.
You puncture the steam dragon!
You feel better.
You kill the steam dragon!
Trog accepts your kill.
You are engulfed in a cloud of scalding steam.
Your Maces & Flails skill increases to level 6!
There is a fountain of blood here.
You feel a strong urge to attack something.
You are no longer berserk.
You are exhausted.
You feel yourself slow down.
There is a fountain of blood here.
Okay, then.
The white imp hits you. The white imp freezes you. The white imp hits you.
* * * LOW HITPOINT WARNING * * *
The white imp freezes you.
* * * LOW HITPOINT WARNING * * *
A white imp comes into view.
You puncture the white imp!
You kill the white imp!
Trog accepts your kill.
Your Fighting skill increases to level 6!
The white imp gestures at you. The puff of frost hits you.
* * * LOW HITPOINT WARNING * * *
The white imp gestures at you. The puff of frost misses you.
A two-headed ogre comes into view.
It is wielding a +0 giant spiked club and a +0 giant club.
The two-headed ogre moves out of view.
The white imp barely misses you. You furiously retaliate!
You headbutt the white imp! The white imp barely misses you. x2
You puncture the white imp!
You kill the white imp!
Trog accepts your kill.
The two-headed ogre hits you with a +0 giant spiked club!!
Ouch! That really hurt!
You die...

#...... #..##.#
###+#.....#
##.........#
.####..♣.......#
.....PP........#
##.##..⌠P......###
.....P............
...###...@........
.. #...O.........
. .§§§............
..P§P.....$......
...P♣♣.#######....
.... .. .... ...
.## ... #.


You could see a two-headed ogre.

Vanquished Creatures
  A steam dragon (D:7)
  A sky beast (D:7)
  3 scorpions
  An orc priest (D:5)
  2 hounds
  2 iguanas
  Robin (D:3)
  An adder (D:5)
  A shadow imp (D:7)
  3 bombardier beetles
  2 white imps (D:7)
  An ufetubus (D:7)
  A dart slug (D:4)
  5 orcs
  7 endoplasms
  4 giant cockroaches
  10 goblins
  10 hobgoblins
  8 jackals
  4 kobolds
  2 quokkas
  3 ball pythons
  2 bats
  2 frilled lizards
  5 rats
82 creatures vanquished.

Notes
Turn   | Place    | Note
-------+----------+-------------------------------------------
     0 | D:1      | AgitatedPotato the Minotaur Berserker began the quest for
                  | the Orb.
     0 | D:1      | Reached XP level 1. HP: 19/19 MP: 0/0
   532 | D:1      | Reached XP level 2. HP: 27/27 MP: 1/1
  1023 | D:2      | Reached XP level 3. HP: 27/33 MP: 2/2
  1219 | D:3      | Reached ** piety under Trog
  1246 | D:3      | Noticed Robin
  1268 | D:3      | Killed Robin
  1399 | D:4      | Reached XP level 4. HP: 40/40 MP: 3/3
  1973 | D:5      | Entered Level 5 of the Dungeon
  2017 | D:5      | Found a staircase to the Ecumenical Temple.
  2023 | D:5      | Reached XP level 5. HP: 47/47 MP: 4/4
  2060 | D:5      | Reached skill level 5 in Maces & Flails
  2064 | D:5      | Reached skill level 5 in Fighting
  2064 | D:5      | Reached XP level 6. HP: 14/56 MP: 5/5
  2765 | D:6      | Noticed a sky beast
  2771 | D:7      | Noticed a steam dragon
  2776 | D:7      | Killed a sky beast
  2777 | D:7      | Reached skill level 5 in Armour
  2777 | D:7      | Reached XP level 7. HP: 62/62 MP: 6/6
  2781 | D:7      | Killed a steam dragon
  2786 | D:7      | Reached *** piety under Trog
  2792 | D:7      | Noticed a two-headed ogre
  2796 | D:7      | Demolished by a two-headed ogre

Illustrated notes

Levels and vault maps discovered:
D:1:      psy_arrival_conway, layout_basic
D:2:      layout_basic
D:3:      layout_basic, uniq_robin
D:4:      layout_loops_ring, lemuel_round_altar, grunt_decor_clamped,
          serial_library_hellmonk_h_bend, hangedman_decor_clover_reticule
D:5:      layout_cave_pools, grunt_temple_overflow_growth_and_decay,
          nicolae_hepliaklqana_monster_ancestors, temple_statues,
          minmay_hollow_rounded_squares
D:6:      cheibrodos_two_vegetables, layout_basic, grunt_temple_overflow_open
D:7:      layout_basic, pdpol_temple_overflow_zin_treasury_gozag_greed,
          jmf_multi_god_temple, serial_demonic, serial_demonic_d,
          serial_demonic_e, serial_demonic_b, serial_demonic_a,
          serial_demonic_a, nicolae_twisty_statue_hallways

Skill      XL: |  1  2  3  4  5  6  7 |
---------------+----------------------+-----
Maces & Flails | 4 5 6 |  6.0
Fighting       | 4 5 6 |  6.0
Armour         | 3 4 5 |  5.3
Dodging        | 3 4 |  4.8

Action                     |  1- 3 |  4- 6 |  7- 9 || total
---------------------------+-------+-------+-------++-------
  Melee: Mace              |   351 |       |       ||   351
         Headbutt          |    73 |    17 |     1 ||    91
         Punch             |     1 |     2 |       ||     3
         Whip              |    48 |    55 |       ||   103
         Trident           |       |    19 |     7 ||    26
 Invoke: Berserk           |     2 |     1 |       ||     3
    Use: Scroll            |     5 |     3 |       ||     8
         Potion            |       |     1 |       ||     1
   Stab: Distracted        |     1 |       |       ||     1
 Armour: Animal skin       |    33 |       |       ||    33
         Leather armour    |    27 |    49 |    11 ||    87
  Dodge: Dodged            |    80 |    54 |     6 ||   140

Table legend: (Time is in decaauts)
 A = Elapsed time spent in this place.
 B = Non-inter-level travel time spent in this place.
 C = Inter-level travel time spent in this place.
 D = Time resting spent in this place.
 E = Time spent auto-exploring this place.
 F = Levels seen in this place.
 G = Mean time per level.
                   A        B        C        D        E       F      G
               +--------+--------+--------+--------+--------+-----+--------+
         Total |   2887 |   2860 |     27 |      0 |     23 |   7 |  412.4 |
       Dungeon |   2887 |   2860 |     27 |      0 |     23 |   7 |  412.4 |
               +--------+--------+--------+--------+--------+-----+--------+

Top non-repeatable levels by time:
     D:1: 888 daAuts
     D:4: 593 daAuts
     D:5: 443 daAuts
     D:6: 354 daAuts
     D:2: 341 daAuts
     D:3: 236 daAuts
     D:7: 30 daAuts
